 Dungeon Crawl Stone Soup version 0.18-a0-1745-gffa9a88 (webtiles) character file.

74 dobroeutro the Shield-Bearer (level 4, 0/29 HPs)
             Began as a Gargoyle Fighter on Apr 11, 2016.
             Was an Initiate of Okawaru.
             Slain by Crazy Yiuf
             ... wielding a +4 quarterstaff of chaos
              (9 damage)
             ... on level 2 of the Dungeon.
             The game lasted 00:06:02 (1271 turns).

dobroeutro the Shield-Bearer (Gargoyle Fighter)     Turns: 1271, Time: 00:06:03

Health: 0/29       AC: 11    Str: 20    XL:     4   Next: 30%
Magic:  4/4        EV:  7    Int:  9    God:    Okawaru [......]
Gold:   138        SH:  9    Dex:  9    Spells: 0 memorised, 3 levels left

rFire  . . .     SeeInvis .     a - +0 flail
rCold  . . .     Gourm    .     b - +0 scale mail
rNeg   + . .     Faith    .     c - +0 shield
rPois  ∞         Spirit   .     (no helmet)
rElec  +         Dismiss  .     e - +0 cloak
rCorr  .         Reflect  .     (no gloves)
SustAt .         Harm     .     (no boots)
MR     .....                    (no amulet)
Stlth  ..........               (no ring)
                                (no ring)

@: not resistant to hostile enchantments, extremely unstealthy
A: negative energy resistance 1, electricity resistance, unbreathing,
petrification resistance, rot immunity, AC +3
a: Renounce Religion


You were on level 2 of the Dungeon.
You worshipped Okawaru.
Okawaru was noncommittal.
You were hungry.

You visited 1 branch of the dungeon, and saw 2 of its levels.

You collected 138 gold pieces.

Inventory:

Hand Weapons
 a - a +0 flail (weapon)
Armour
 b - a +0 scale mail (worn)
 c - a +0 shield (worn)
 e - a +0 cloak (worn)
Scrolls
 g - 2 scrolls of recharging {unknown}
 h - 2 scrolls of identify {unknown}
 l - a scroll of immolation {unknown}
 n - a scroll of amnesia {unknown}
Potions
 d - a potion of might
 j - a potion of ambrosia {unknown}
 m - a potion of lignification {unknown}
 o - a potion of curing {unknown}
Comestibles
 f - a bread ration
 k - a meat ration


   Skills:
 + Level 3.8 Fighting
 + Level 2.6 Maces & Flails
 + Level 3.8 Armour
 + Level 4.2 Shields


You had 3 spell levels left.
You didn't know any spells.

Dungeon Overview and Level Annotations

Branches:
Dungeon (2/15)

Altars:
Cheibriados
Okawaru

Annotations:
D:2 Crazy Yiuf


Innate Abilities, Weirdness & Mutations

You are resistant to torment.
Your stone body is resilient (AC +3).
You are immune to poison.
You resist negative energy.
You are resistant to electric shocks.
You can survive without breathing.
You are immune to petrification.
You are immune to rotting.


Message History

Crazy Yiuf shouts!
You hit Crazy Yiuf.
Crazy Yiuf is lightly wounded.
You block Crazy Yiuf's attack.
You hit Crazy Yiuf.
Crazy Yiuf is moderately wounded.
You block Crazy Yiuf's attack.
You hit Crazy Yiuf.
Crazy Yiuf is heavily wounded.
Crazy Yiuf laughs, "Papa!
Race water snockshim."
You block Crazy Yiuf's attack.
You barely miss Crazy Yiuf.
Crazy Yiuf is heavily wounded.
Crazy Yiuf barely misses you. Crazy Yiuf hits you but does no damage.
Space warps horribly around you!
Ouch! That really hurt!
Your shield and scale mail prevent you from hitting Crazy Yiuf.
Crazy Yiuf is heavily wounded.
Crazy Yiuf hits you with a quarterstaff of chaos!
You die...

...........####....###.(.........
....†......# ##..## #..))###....
..###......# #P#P.# #...........
...........# ##PP.# #...........
#..........# ##.## #...........
#....####..# ##.# #..........#
###### #### #.## #..........#
##.# #..........# #@##
#..........# #g# #..........# ...
#####......# #...# ######## #)..#
#####


You could see Crazy Yiuf.

Vanquished Creatures
  3 adders (D:2)
  A worm (D:2)
  2 ball pythons (D:2)
  3 bats
  4 giant cockroaches
  5 goblins
  4 hobgoblins
  7 jackals
  2 giant newts (D:1)
  6 kobolds
  6 rats
  A bush (D:2)
44 creatures vanquished.

Notes
Turn   | Place    | Note
--------------------------------------------------------------
     0 | D:1      | dobroeutro the Gargoyle Fighter began the quest for the Orb.
     0 | D:1      | Reached XP level 1. HP: 14/14 MP: 1/1
   196 | D:1      | Reached XP level 2. HP: 17/19 MP: 2/2
   602 | D:2      | Reached XP level 3. HP: 22/23 MP: 3/3
   818 | D:2      | Reached skill level 4 in Shields
   823 | D:2      | Reached XP level 4. HP: 24/29 MP: 4/4
  1030 | D:2      | Found a snail-covered altar of Cheibriados.
  1031 | D:2      | Found an iron altar of Okawaru.
  1091 | D:2      | Became a worshipper of Warmaster Okawaru
  1264 | D:2      | Noticed Crazy Yiuf
  1271 | D:2      | Slain by Crazy Yiuf

Vault maps used:
D:1:      noname_arrival_rooms_in_the_neighbourhood
D:2:      gammafunk_temple_overflow_statue, uniq_crazy_yiuf_cottage

Skill      XL: |  1  2  3 |
---------------+----------+-----
Shields        | 4 |  4.2
Fighting       | |  3.8
Maces & Flails | |  2.6
Armour         | |  3.8

Action                   |  1- 3 |  4- 6 || total
-------------------------+-------+-------++-------
Melee: Flail             |   125 |   106 ||   231
  Eat: Chunk             |       |     1 ||     1
